 Dungeon Crawl Stone Soup version 0.28-a0-938-gbc3f381ebc (webtiles) character file.

Game seed: 464909567509059186

48 ragingrage the Firebug (level 3, 0/31 HPs)
             Began as an Ogre Fire Elementalist on Nov 29, 2021.
             Slain by a hobgoblin (3 damage)
             ... led by Robin
             ... on level 2 of the Dungeon.
             The game lasted 00:02:13 (1499 turns).

ragingrage the Firebug (Ogre Fire Elementalist)     Turns: 1499, Time: 00:02:13

Health: 0/31       AC:  3    Str: 12    XL:     3   Next: 72%
Magic:  1/6        EV:  9    Int: 23    God:
Gold:   57         SH:  0    Dex:  9    Spells: 0/6 levels left

rFire   . . .      SeeInvis .   l - +0 long sword (vorpal)
rCold   . . .      Faith    .   (no shield)
rNeg    . . .      Spirit   .   a - +0 robe
rPois   .          Reflect  .   (helmet restricted)
rElec   .          Harm     .   (no cloak)
rCorr   .          Rampage  .   (gloves unavailable)
Will    .....                   (boots unavailable)
Stlth   +.........              (no amulet)
HPRegen 0.10/turn               b - +6 ring of intelligence
MPRegen 0.10/turn               (no ring)

@: no status effects
A: large, unfitting armour, tough skin 1
a: no special abilities


You were on level 2 of the Dungeon.
You visited 1 branch of the dungeon, and saw 2 of its levels.

You collected 57 gold pieces.

Inventory:

Hand Weapons
 l - a +0 vorpal long sword (weapon)
Armour
 a - a +0 robe (worn)
Jewellery
 b - a +6 ring of intelligence (left hand)
 h - a ring of willpower
Scrolls
 d - a scroll of identify {unknown}
 g - a scroll of amnesia {unknown}
 j - a scroll of immolation {unknown}
Potions
 c - a potion of invisibility {unknown}
 f - 2 potions of flight {unknown}
 i - a potion of might {unknown}
 k - a potion of magic {unknown}


   Skills:
 - Level 1.7 Dodging
 - Level 1.4 Stealth
 - Level 2.4 Spellcasting
 + Level 2.2 Conjurations
 + Level 3.5 Fire Magic


You couldn't memorise any spells.
You knew the following spells:

 Your Spells              Type           Power      Damage    Failure   Level
a - Foxfire               Conj/Fire      64%        2x1d7     3%          1
b - Scorch                Fire           36%        2d6       4%          2
c - Conjure Flame         Conj/Fire      16%        6-21      12%         3

Your spell library contained the following spells:

 Spells                   Type           Power      Damage    Failure   Level
 Inner Flame              Hex/Fire       10%        N/A       19%         3
 Flame Wave               Conj/Fire      16%        2d5       36%         4


Dungeon Overview and Level Annotations

Branches:
Dungeon (2/15)

Altars:

Annotations:
D:2 Robin


Innate Abilities, Weirdness & Mutations

You are too large for most types of armour.
You have tough skin. (AC +1)


Message History

You don't have enough magic to cast this spell.
The foxfire hits Robin.
Robin is moderately wounded.
The foxfire hits Robin.
Robin is severely wounded.
A hobgoblin comes into view.
There are monsters nearby!
Robin roars a battlecry!
The hobgoblin goes into a battle-frenzy!
You hear a shout! x2
You hear a shout! x5
The hobgoblin shouts!
You hear a shout!
Robin closely misses you.
You closely miss Robin.
Robin is severely wounded.
A hobgoblin comes into view.
Robin hits you with a +0 dagger.
The hobgoblin hits you but does no damage.
You barely miss Robin.
Robin is severely wounded.
Robin hits you with a +0 dagger.
A goblin comes into view. It is wielding a +0 dagger.
The hobgoblin hits you but does no damage.
You hit Robin.
Robin is almost dead.
Robin hits you with a +0 dagger.
A goblin comes into view. It is wielding a +0 club.
Robin hits you with a +0 dagger.
The goblin unwields a +0 dagger.
The goblin wields a +0 hunting sling.
The goblin shoots a stone.
The stone hits you. The hobgoblin hits you.
You barely miss Robin.
Robin is almost dead.
The hobgoblin hits you. Robin hits you with a +0 dagger.
* * * LOW HITPOINT WARNING * * *
A goblin comes into view. It is wielding a +0 dagger.
The hobgoblin hits you but does no damage.
The goblin shoots a stone.
The stone hits you.
* * * LOW HITPOINT WARNING * * *
The hobgoblin hits you.
You die...

#.#.#....##.........#
#.#..........#..#...#
#.########..........##
#.# #..#......#..# #.#
#............# #.#
#............## #.#
#..#.....!#....#
#....gg........#
#....#@.#........
..#gg.g.)......## #
#g#.)..##....# #
#.>...#....#
#.###.#.#+## #. .# ##
.#


You could see Robin, 2 hobgoblins and 3 goblins.

Vanquished Creatures
  An adder (D:2)
  A dart slug (D:2)
  2 ball pythons
  2 endoplasms (D:1)
  2 giant cockroaches (D:1)
  7 goblins
  A hobgoblin (D:1)
  3 jackals (D:1)
  6 kobolds
  A quokka (D:1)
  3 bats
  A frilled lizard (D:1)
  A rat (D:1)
31 creatures vanquished.

Vanquished Creatures (others)
  71 foxfires
71 creatures vanquished.

Grand Total: 102 creatures vanquished

Notes
Turn   | Place    | Note
-------+----------+-------------------------------------------
     0 | D:1      | ragingrage the Ogre Fire Elementalist began the quest for
                  | the Orb.
     0 | D:1      | Reached XP level 1. HP: 16/16 MP: 3/3
    16 | D:1      | Reached skill level 1 in Conjurations
   119 | D:1      | Reached skill level 3 in Fire Magic
   119 | D:1      | Reached XP level 2. HP: 24/24 MP: 1/5
   122 | D:1      | Learned a level 2 spell: Scorch
   729 | D:1      | Reached XP level 3. HP: 18/31 MP: 6/6
  1147 | D:2      | Learned a level 3 spell: Conjure Flame
  1489 | D:2      | Noticed Robin
  1499 | D:2      | Slain by a hobgoblin

Illustrated notes

Levels and vault maps discovered:
D:1:      beargit_arrival_greenhouse, layout_basic, st_stairs_10
D:2:      layout_basic, hellmonk_ecumenical_altar_leap_of_faith,
          minmay_misc_feat_plants, uniq_robin, uniq_natasha,
          uniq_crazy_yiuf_cottage

Skill      XL: |  1  2  3 |
---------------+----------+-----
Conjurations   | 1 2 |  2.2
Fire Magic     | 3 |  3.5
Dodging        | |  1.7
Stealth        | |  1.4
Spellcasting   | |  2.4

Action                   || total
-------------------------++-------
Melee: Unarmed           ||     7
       Spear             ||    56
       Long sword        ||     4
 Cast: Foxfire           ||    47
 Stab: Sleeping          ||     1
Armor: Robe              ||    31
Dodge: Dodged            ||    38

Table legend: (Time is in decaauts)
 A = Elapsed time spent in this place.
 B = Non-inter-level travel time spent in this place.
 C = Inter-level travel time spent in this place.
 D = Time resting spent in this place.
 E = Time spent auto-exploring this place.
 F = Levels seen in this place.
 G = Mean time per level.
                   A        B        C        D        E       F      G
               +--------+--------+--------+--------+--------+-----+--------+
         Total |   1504 |   1491 |     13 |     91 |   1109 |   2 |  752.0 |
       Dungeon |   1504 |   1491 |     13 |     91 |   1109 |   2 |  752.0 |
               +--------+--------+--------+--------+--------+-----+--------+

Top non-repeatable levels by time:
     D:1: 1138 daAuts
     D:2: 365 daAuts
